 Dungeon Crawl Stone Soup version 0.30.0-30-g96aa6591b8 (webtiles) character file.

Game seed: 6771185985855543914

3822 wingedge the Grave Robber (level 9, -12/71 HPs)
             Began as a Demigod Wanderer on June 26, 2023.
             Mangled by an orc warrior
             ... wielding a +0 war axe
              (18 damage)
             ... in a bailey.
             The game lasted 00:34:01 (9645 turns).

wingedge the Grave Robber (Demigod Wanderer)        Turns: 9645, Time: 00:34:02

Health: -12/71     AC:  8    Str: 17    XL:     9   Next: 65%
Magic:  11/21      EV: 11    Int: 30    God:
Gold:   545        SH:  0    Dex: 11    Spells: 1/19 levels left

rFire   . . .        a - +2 morningstar (pain)
rCold   x . .        (no shield)
rNeg    . . .        f - +0 robe {rF+}
rPois   .            e - +0 helmet
rElec   .            t - +2 cloak
rCorr   .            m - +0 pair of gloves
SInv    .            N - +0 pair of boots
Will    .....        (no amulet)
Stlth   +            x - +6 ring of strength
HPRegen 0.31/turn    (no ring)
MPRegen 0.17/turn

%: no passive effects
@: mighty, animating dead, unable to read
A: high MP 1, forlorn, divine attributes, cold vulnerability 1, heat
vulnerability 1, inability to read after injury 1
a: no special abilities


You were in a bailey.
You visited 1 branch of the dungeon, and saw 9 of its levels.
You also visited: Sewer and Bailey.

You collected 545 gold pieces.

Inventory:

Hand Weapons
 a - a +2 morningstar of pain (weapon)
 K - a +0 demon whip
Missiles
 O - 6 javelins
 P - a throwing net
Armour
 c - a +0 robe
 e - a +0 helmet (worn)
 f - a +0 robe of fire resistance (worn)
 m - a +0 pair of gloves (worn)
 t - a +2 cloak (worn)
 v - a +0 ring mail
 H - a +4 chain mail of positive energy
 N - a +0 pair of boots (worn)
Magical Staves
 l - a staff of cold
Jewellery
 x - a +6 ring of strength (left hand)
 y - a ring of ice
 C - a ring of ice
Wands
 d - a wand of polymorph (2) (quivered)
 D - a wand of flame (47)
 J - a wand of charming (6)
 M - a wand of quicksilver (7)
Scrolls
 b - a scroll of poison
 j - a scroll of fear
 k - 10 scrolls of blinking
 p - a scroll of immolation
 B - 5 scrolls of teleportation
 E - a scroll of enchant weapon {unknown}
 I - 3 scrolls of magic mapping
Potions
 q - a potion of resistance
 r - a potion of ambrosia {unknown}
 s - 2 potions of curing
 w - a potion of brilliance
 F - 2 potions of attraction {unknown}
 L - a potion of cancellation {unknown}


   Skills:
 - Level 4.0 Fighting
 - Level 2.0 Maces & Flails
 - Level 1.0 Armour
 - Level 1.0 Dodging
 + Level 5.6 Spellcasting
 - Level 5.0 Conjurations
 - Level 7.0 Necromancy
 * Level 6.6 Air Magic
 - Level 1.7 Poison Magic
 - Level 1.7 Evocations


You had one spell level left.
You knew the following spells:

 Your Spells              Type           Power      Damage    Failure   Level
a - Necrotise             Necr           100%       1d9       1%          1
b - Sting                 Tmut/Pois      52%        1d5       3%          1
c - Animate Dead          Necr           50%        N/A       3%          4
d - Dispel Undead         Necr           50%        3d19      3%          4
e - Shock                 Conj/Air       100%       1d9       1%          1
f - Airstrike             Air            24%        2d(4-20)  3%          4
g - Swiftness             Air            48%        N/A       1%          3

Your spell library contained the following spells:

 Spells                   Type           Power      Damage    Failure   Level
 Apportation              Tloc           16%        N/A       5%          1
 Summon Small Mammal      Summ           32%        N/A       5%          1
 Vhi's Electric Charge    Tloc/Air       56%        N/A       4%          3
 Spider Form              Tmut/Pois      13%        N/A       12%         3
 Arcjolt                  Conj/Air       21%        1d31      14%         5
 Inner Flame              Hex/Fire       8%         N/A       16%         3
 Yara's Violent Unravell  Hex/Tmut       4%         3d4       83%         5
 Enfeeble                 Hex            4%         N/A       100%        7
 Maxwell's Capacitive Co  Air            24%        ∞         100%        8


Dungeon Overview and Level Annotations

Branches:
Dungeon (9/15)             Temple (0/1) D:5           Sewer (visited)
 Bailey (1/1)
   Lair: D:8-11         Orc: D:9-12

Shops:
D:4 [


Innate Abilities, Weirdness & Mutations

You have an increased reservoir of magic. (+10% MP)
You shall have no god before yourself.
Your divine heritage dramatically boosts your attributes as you level up.
You are vulnerable to cold. (rC-)
You are vulnerable to heat. (rF-)
You occasionally lose the ability to read scrolls when taking damage.


Message History

Aiming: Airstrike (dangerous; 3% risk of failure)
Press: ? - help, Dir - move target, f/p - orc knight
Aim: an orc knight, wielding a +0 war axe and wearing a +4 ring mail (moderately wounded, empty space bonus: 6/8)
The air twists around and strikes the orc knight!
The orc knight is moderately wounded.
The orc knight hits you but does no damage.
Casting: Airstrike (dangerous; 3% risk of failure)
Confirm with . or Enter, or press ? or * to list all spells.
Okay, then.
You feel better.
The orc knight hits you with a +0 war axe!
* * * LOW HITPOINT WARNING * * *
You feel better. The goblin hits you but does no damage.
You feel very mighty all of a sudden. The goblin hits you but does no damage.
The orc knight hits you with a +0 war axe.
You hit the orc knight.
The orc knight is heavily wounded.
The kobold hits you but does no damage. The goblin hits you but does no damage.
The orc knight hits you with a +0 war axe.
* * * LOW HITPOINT WARNING * * *
You closely miss the orc knight.
The orc knight is heavily wounded.
The kobold hits you but does no damage. The goblin hits you but does no damage.
The orc knight hits you but does no damage.
The goblin hits you with a +0 hand axe.
* * * LOW HITPOINT WARNING * * *
The kobold hits you.
* * * LOW HITPOINT WARNING * * *
The goblin closely misses you.
You sock the orc knight!
The orc knight writhes in agony.
The orc knight is severely wounded.
The orc knight hits you with a +0 war axe!
* * * LOW HITPOINT WARNING * * *
The goblin barely misses you. The goblin misses you. The kobold misses you.
Your orc zombie closely misses the kobold.
The orc knight hits you with a +0 war axe.
* * * LOW HITPOINT WARNING * * *
The orc warrior hits you with a +0 war axe!!
You die...

♣♣♣♣♣
♣♣♣♣♣♣♣♣♣♣.∩.♣♣♣♣♣♣♣♣♣♣
♣≈≈≈≈≈≈..o......≈≈≈≈≈≈♣
≈≈≈≈≈≈≈.@g.∩...(≈≈≈≈≈≈≈
≈≈#####goK...((.#####≈≈
##...##.)Z..(.##...##
##.....##....(##.....##
##...8...##'''##...8...##
##.............(.........##
#.........((..(.......)...#
#..8..8((...........8..8..#
#......)..................#


You could see an orc knight (ally target), an orc warrior (strong), 2 goblins, a
kobold and a friendly orc zombie.

Vanquished Creatures
  A manticore (D:8)
  Prince Ribbit (D:5)
  2 wyverns
  A yak (D:8)
  A steam dragon (D:8)
  Menkaure (D:5)
  2 water moccasins
  2 orc warriors
  3 ice beasts
  A sky beast (D:7)
  A black bear (D:8)
  A centaur (D:8)
  2 kobold brigands (D:8)
  3 bullfrogs
  4 scorpions
  2 howler monkeys
  3 hounds
  A jelly (D:4)
  An orc wizard (D:8)
  4 iguanas
  15 adders
  5 gnolls
  A river rat (D:5)
  2 shadow imps (D:6)
  A white imp (D:7)
  4 worms
  4 dart slugs
  14 orcs
  3 endoplasms
  10 giant cockroaches
  6 hobgoblins
  17 jackals
  7 quokkas
  13 ball pythons
  3 bats (D:1)
  5 frilled lizards
  10 goblins
  24 kobolds
  A rat (D:2)
182 creatures vanquished.

Vanquished Creatures (collateral kills)
  A yak (D:8)
  A bullfrog (Sewer)
  2 howler monkeys (D:8)
  A jelly (D:6)
  An iguana (D:5)
  A gnoll (D:5)
  An adder (Sewer)
  A river rat (D:5)
  A dart slug (D:5)
  2 endoplasms
  3 giant cockroaches (Sewer)
  A jackal (D:5)
  4 kobolds (D:8)
  A quokka (Sewer)
  6 frilled lizards (Sewer)
27 creatures vanquished.

Vanquished Creatures (others)
  A centaur zombie (D:8)
  A bullfrog zombie (D:6)
  A black bear zombie (D:8)
  3 gnoll zombies
  3 jackal zombies (D:5)
  2 kobold zombies
  An orc zombie (D:5)
  A quokka zombie (Sewer)
13 creatures vanquished.

Grand Total: 222 creatures vanquished

Notes
Turn   | Place    | Note
-------+----------+-------------------------------------------
     0 | D:1      | wingedge the Demigod Wanderer began the quest for the Orb.
     0 | D:1      | wingedge set off with the following items: a +0 club, a
                  | scroll of blinking, a +0 robe, a wand of polymorph (5); and
                  | the following spells available to memorise: Necrotise,
                  | Sting, Spider Form, Animate Dead, Dispel Undead.
     0 | D:1      | Reached XP level 1. HP: 14/14 MP: 6/6
     2 | D:1      | Learned a level 1 spell: Necrotise
     4 | D:1      | Learned a level 1 spell: Sting
    68 | D:1      | Reached skill level 2 in Necromancy
   356 | D:1      | Reached XP level 2. HP: 20/20 MP: 6/8
  1085 | D:2      | Reached skill level 3 in Necromancy
  1085 | D:2      | Reached XP level 3. HP: 22/26 MP: 1/10
  1447 | D:2      | Reached skill level 1 in Fighting
  1877 | D:3      | Noticed a bullfrog
  1890 | D:3      | Killed a bullfrog
  1891 | D:3      | Reached XP level 4. HP: 28/35 MP: 2/12
  2009 | D:3      | Reached skill level 1 in Armour
  2597 | D:3      | Reached XP level 5. HP: 41/41 MP: 10/13
  3510 | D:4      | Found Kuem's Armour Boutique.
  3528 | D:4      | Learned a level 4 spell: Animate Dead
  3533 | D:4      | Learned a level 4 spell: Dispel Undead
  3729 | D:4      | Reached skill level 4 in Necromancy
  4054 | D:5      | Entered Level 5 of the Dungeon
  4113 | D:5      | Reached XP level 6. HP: 27/48 MP: 8/15
  4388 | D:5      | Reached skill level 5 in Necromancy
  4406 | D:5      | Found a glowing drain.
  4410 | Sewer    | Entered a sewer
  4742 | Sewer    | Reached skill level 6 in Necromancy
  4742 | Sewer    | Reached XP level 7. HP: 43/55 MP: 7/16
  4906 | D:5      | Found a staircase to the Ecumenical Temple.
  4984 | D:5      | Noticed Menkaure
  4992 | D:5      | Killed Menkaure
  5317 | D:5      | Noticed Prince Ribbit
  5331 | D:5      | Killed Prince Ribbit
  5332 | D:5      | Reached skill level 1 in Conjurations
  5480 | D:6      | Reached skill level 1 in Air Magic
  5577 | D:6      | Reached XP level 8. HP: 29/63 MP: 8/18
  5580 | D:6      | Reached skill level 7 in Necromancy
  5691 | D:6      | Reached skill level 5 in Spellcasting
  6313 | D:6      | Learned a level 1 spell: Shock
  6318 | D:6      | Learned a level 4 spell: Airstrike
  7316 | D:7      | Reached skill level 5 in Air Magic
  7316 | D:7      | Reached XP level 9. HP: 69/69 MP: 15/20
  7982 | D:8      | Reached skill level 1 in Maces & Flails
  8454 | D:8      | Noticed a manticore
  8467 | D:8      | Gained mutation: You are vulnerable to cold. (rC-) [potion
                  | of mutation]
  8467 | D:8      | Gained mutation: You are vulnerable to heat. (rF-) [potion
                  | of mutation]
  8467 | D:8      | Gained mutation: You occasionally lose the ability to read
                  | scrolls when taking damage. [potion of mutation]
  8471 | D:8      | Killed a manticore
  8784 | D:8      | Reached skill level 5 in Conjurations
  9169 | D:9      | Found a flagged portal.
  9188 | Bailey   | Entered a bailey
  9426 | Bailey   | Noticed an orc warlord
  9593 | Bailey   | Learned a level 3 spell: Swiftness
  9613 | Bailey   | Noticed an orc knight
  9645 | Bailey   | Mangled by an orc warrior

Illustrated notes

Levels and vault maps discovered:
D:1:      psy_arrival_dodecagon, layout_loops_ring, kennysheep_doodads
D:2:      layout_rooms, serial_bayou_crossing
D:3:      layout_loops_corners, hellmonk_ecumenical_altar_zigzags, st_stairs_10,
          minmay_cupped
D:4:      layout_rooms, mainiacjoe_overflow_tiny_flanked, serial_shops, shop,
          minmay_snake_closets
D:5:      layout_rooms, minmay_temple_entry_ruins, gup_sewer_entry_spiral,
          uniq_menkaure, uniq_prince_ribbit1
D:6:      minmay_clustersquares, layout_basic, moated_statue
D:7:      layout_basic
D:8:      layout_basic
D:9:      layout_rooms, orc_0_dummy, enter_bailey_5, kennysheep_crisscross
Bailey:   bailey_axe_bossmonster_kennysheep, bailey

Skill      XL: |  1  2  3  4  5  6  7  8  9 |
---------------+----------------------------+-----
Necromancy     | 2 3 4 6 7 |  7.0
Spellcasting   | 3 4 5 |  5.6
Fighting       | 1 2 3 4 |  4.0
Armour         | 1 |  1.0
Conjurations   | 1 4 5 |  5.0
Air Magic      | 1 5 6 |  6.6
Maces & Flails | 2 |  2.0
Dodging        | |  1.0
Poison Magic   | |  1.7
Evocations     | |  1.7

Action                     |  1- 3 |  4- 6 |  7- 9 || total
---------------------------+-------+-------+-------++-------
  Melee: Whip              |    17 |     2 |       ||    19
         Club              |     3 |       |       ||     3
         Dagger            |       |    43 |       ||    43
         Punch             |       |     1 |     3 ||     4
         Demon whip        |       |       |    20 ||    20
         Morningstar       |       |       |    85 ||    85
  Throw: Javelin           |       |       |     1 ||     1
   Cast: Necrotise         |    78 |   171 |    74 ||   323
         Sting             |     6 |     6 |    43 ||    55
         Animate Dead      |       |     2 |    11 ||    13
         Dispel Undead     |       |       |     1 ||     1
         Shock             |       |       |    13 ||    13
         Airstrike         |       |       |    44 ||    44
  Evoke: Wand              |     3 |       |       ||     3
    Use: Scroll            |     1 |       |     9 ||    10
         Potion            |       |       |    10 ||    10
   Stab: Sleeping          |     1 |     1 |       ||     2
         Distracted        |       |     1 |       ||     1
 Armour: Robe              |    33 |    67 |   100 ||   200
         Skin              |       |       |    14 ||    14
  Dodge: Dodged            |    50 |    83 |   156 ||   289
